AoeStats
← IsabelSabe

Lombardia

509743951Analyzed
3v3 RM · 6d ago on Sep 27, 2026· 52m 18s· 6 players
Game mode
Random Map
Map size
Normal (6 player)
Population
200
Speed
Normal
Resources
Standard
Victory
Conquest
Starting age
Dark Age
Ending age
Imperial Age
RankedLock teamsTeams togetherTeam positionsShared explorationLock speedFull tech treeHidden civsTurbo modeCheats
Victory
Defeat
🇺🇾 Britons · Uruguay
1230
+14
🇺🇸 Lithuanians · United States
1183
+16
🇺🇸 Spanish · United States
1176
+16
🇩🇪 Varangians · Germany
1257
-18
🇩🇪 Wu · Germany
1239
-18
🇩🇪 Franks · Germany
1038
-10
Soaking Dill
11:03 Feudal Age
15:18 Castle Age
13:29 Double-Bit Axe
17:18 Bow Saw
17:17 Loom
18:32 Horse Collar
22:22 Heavy Plow
25:21 Padded Archer Armor
26:17 Wheelbarrow
27:24 Leather Archer Armor
27:16 Town Watch
28:14 Hand Cart
29:10 Fletching
30:09 Bloodlines
29:59 Husbandry
29:56 Bodkin Arrow
31:11 Caravan
31:29 Town Patrol
31:36 Stone Mining
31:38 Gold Mining
32:17 Scale Mail Armor
31:41 Pikeman
32:21 Squires
36:09 Imperial Age
34:50 Arson
35:21 Chain Mail Armor
37:11 Conscription
36:14 Elite Conquistador
37:29 Ring Archer Armor
37:01 Bracer
38:04 Chemistry
36:59 Halberdier
38:11 Plate Mail Armor
40:01 Forging
41:39 Iron Casting
IsabelSabe
7:17 Loom
10:06 Feudal Age
10:49 Double-Bit Axe
13:00 Bloodlines
20:28 Castle Age
19:06 Scale Barding Armor
21:45 Husbandry
21:50 Gold Mining
21:43 Horse Collar
31:13 Imperial Age
31:21 Cavalier
32:23 Chain Barding Armor
33:23 Town Watch
34:13 Wheelbarrow
34:19 Plate Barding Armor
34:56 Light Cavalry
36:59 Stone Mining
37:32 Town Patrol
37:48 Hand Cart
38:03 Conscription
39:36 Elite Leitis
41:14 Winged Hussar
42:29 Ballistics
51:02 Heavy Plow
BOT [Quaa]
10:12 Feudal Age
8:31 Loom
10:43 Double-Bit Axe
16:02 Castle Age
14:24 Horse Collar
16:02 Wheelbarrow
18:45 Fletching
23:08 Heavy Plow
25:01 Bow Saw
30:19 Imperial Age
27:34 Crossbowman
28:15 Gold Mining
28:43 Hand Cart
28:38 Town Watch
28:53 Bodkin Arrow
29:01 Padded Archer Armor
29:30 Town Patrol
29:59 Ballistics
31:08 Yeomen
32:02 Two-Man Saw
30:30 Arbalester
32:12 Bracer
32:29 Leather Archer Armor
33:38 Caravan
34:50 Chemistry
34:05 Stone Mining
34:50 Gold Shaft Mining
34:53 Fortified Wall
34:36 Elite Skirmisher
38:06 Ring Archer Armor
37:46 Murder Holes
38:02 Masonry
40:20 Elite Longbowman
41:48 Conscription
51:06 Warwolf
xcleenerx
8:04 Loom
10:29 Feudal Age
16:11 Castle Age
17:04 Bloodlines
17:29 Double-Bit Axe
17:29 Horse Collar
19:31 Bow Saw
20:48 Heavy Plow
23:56 Fervor
26:17 Wheelbarrow
26:02 Squires
30:38 Imperial Age
28:48 Gambesons
28:50 Arson
30:29 Bloodlines
30:19 Husbandry
30:36 Gold Mining
30:36 Stone Mining
30:39 Gothikon
31:41 Conscription
33:21 Forging
33:20 Scale Barding Armor
33:17 Scale Mail Armor
34:03 Elite Varangian Guard
35:11 Elite Jarl
37:15 Chain Mail Armor
37:23 Chain Barding Armor
38:31 Iron Casting
38:22 Elite Skirmisher
39:35 Padded Archer Armor
39:28 Fletching
42:35 Blast Furnace
42:12 Plate Barding Armor
44:51 Caravan
46:54 Bodkin Arrow
47:24 Leather Archer Armor
50:07 Ballistics
50:36 Bracer
51:16 Ring Archer Armor
Moriarty
7:22 Loom
9:41 Feudal Age
11:50 Double-Bit Axe
17:41 Castle Age
16:01 Stone Mining
16:22 Fletching
17:11 Padded Archer Armor
18:12 Wheelbarrow
17:49 Gold Mining
18:31 Horse Collar
19:03 Bow Saw
23:48 Heavy Plow
26:58 Ballistics
27:54 Hand Cart
31:27 Imperial Age
30:55 Red Cliffs Tactics
31:18 Masonry
31:08 Bodkin Arrow
31:28 Leather Archer Armor
33:31 Chemistry
36:05 Two-Man Saw
34:46 Elite Fire Archer
36:35 Architecture
35:46 Treadmill Crane
36:04 Town Watch
37:41 Light Cavalry
38:31 Bloodlines
38:26 Bracer
38:32 Scale Barding Armor
38:38 Forging
38:56 Heavy Hei Guang Cavalry
38:59 Hussar
41:27 Heavy Hei Guang Cavalry
42:07 Husbandry
42:37 Chain Barding Armor
42:52 Iron Casting
44:56 Caravan
45:56 Plate Barding Armor
46:21 Blast Furnace
51:27 Guilds
derdmsi
11:19 Feudal Age
15:49 Castle Age
13:53 Double-Bit Axe
16:52 Scale Barding Armor
19:10 Chain Barding Armor
20:31 Forging
26:09 Husbandry
26:48 Iron Casting
29:00 Elite Skirmisher
29:45 Padded Archer Armor
29:36 Fletching
40:49 Imperial Age
40:20 Ballistics
43:38 Chemistry
42:13 Cavalier
43:33 Plate Barding Armor
45:41 Blast Furnace
46:52 Conscription
46:38 Chivalry
47:00 Conscription
50:00 Paladin
Connection lost

Rejoining the realm…

Still unreachable

The connection could not be restored.

Session expired

The server has moved on; the page needs a fresh start.